 Dungeon Crawl Stone Soup version 0.23.0 (webtiles) character file.

Game seed: 3791520196934133257

56 Trogdor the Scratcher (level 3, 0/17 HPs)
             Began as a Felid Fighter on Feb 24, 2019.
             Succumbed to a water moccasin's poison
             ... on level 2 of the Dungeon.
             The game lasted 00:07:25 (2070 turns).

Trogdor the Scratcher (Felid Fighter)               Turns: 2070, Time: 00:07:26

Health: 0/17       AC:  1    Str: 18    XL:     3   Next: 69%
Magic:  4/4        EV: 17    Int:  9    God:
Gold:   85         SH:  0    Dex: 15    Spells: 2/2 levels left
                                        Lives:  0   Deaths: 0

rFire    . . .     SeeInvis +     - Unarmed
rCold    . . .     Gourm    .   (shield unavailable)
rNeg     . . .     Faith    .   (armour unavailable)
rPois    .         Spirit   .   (helmet unavailable)
rElec    .         Reflect  .   (cloak unavailable)
rCorr    .         Harm     .   (gloves unavailable)
MR       .....                  (boots unavailable)
Stlth    ++........             (no amulet)
HPRegen  0.05/turn              j - -2 ring of evasion (curse)
MPRegen  0.09/turn              (no ring)

@: mighty, lethally poisoned (0 -> -7), quick
A: very small, no armour, no weapons or thrown items, stealth, claws 1, fangs 3,
see invisible, carnivore, speed 1, shaggy fur 1, slow metabolism 1, sharp paws
a: no special abilities


You were on level 2 of the Dungeon.
You were completely stuffed.

You visited 1 branch of the dungeon, and saw 3 of its levels.

You collected 85 gold pieces.

Inventory:

Jewellery
 j - a cursed -2 ring of evasion (left paw)
Scrolls
 d - a scroll of teleportation
 g - 2 scrolls of identify
 i - a scroll of immolation
Comestibles
 b - 2 rations
 h - 2 chunks of flesh


   Skills:
 - Level 3.0 Fighting
 - Level 4.0 Dodging
 + Level 1.6 Stealth
 + Level 5.2 Unarmed Combat


You had 2 spell levels left.
You didn't know any spells.
Your spell library was empty.

Dungeon Overview and Level Annotations

Branches:
Dungeon (3/15)

Altars:


Innate Abilities, Weirdness & Mutations

You cannot wear armour.
You are incapable of wielding weapons or throwing items.
Your paws allow you to move quietly. (Stealth)
You have sharp claws.
You have razor-sharp teeth.
You have supernaturally acute eyesight. (SInv)
You are carnivorous and can eat meat at any time.
You cover ground quickly.
You are covered in fur. (AC +1)
You have a slow metabolism.
Your sharp claws are effective at attacking unaware monsters.


Message History

The water moccasin poisons you!
You feel sick.
You feel sick.
You feel sick.
You feel sick.
* * * LOW HITPOINT WARNING * * *
You feel sick.
You see here a frilled lizard skeleton.
The water moccasin closely misses you.
* * * LOW HITPOINT WARNING * * *
You feel sick.
You feel very mighty all of a sudden.
* * * LOW HITPOINT WARNING * * *
You feel sick. The water moccasin misses you.
* * * LOW HITPOINT WARNING * * *
You feel sick. The water moccasin misses you.
* * * LOW HITPOINT WARNING * * *
You feel sick.
You die...

###.# ##.....## ###.# #.#
##...## #.# #.# ##'## #.#
#.# #.###########<# ##.##
#.#........##.# ##...##
##.#.######.##.#
##....>####....# ####.##.#
#........#.....###.##.##(#
##.....#....@.......#.##.#
##...######.#.#.#.#..##.#
##.## #S#..##.......# ###
#.#.#.###..####
#.#........# #.#####.####
#.#.##### #..#.## #######
##รท###.## #......


You could see a water moccasin.

Vanquished Creatures
  An adder (D:2)
  A dart slug (D:1)
  2 ball pythons (D:1)
  3 goblins (D:1)
  9 hobgoblins
  6 jackals
  6 bats
  4 frilled lizards
  6 kobolds
  6 rats
44 creatures vanquished.

Notes
Turn   | Place    | Note
-------+----------+-------------------------------------------
     0 | D:1      | Trogdor the Felid Fighter began the quest for the Orb.
     0 | D:1      | Reached XP level 1. HP: 10/10 MP: 2/2
   205 | D:1      | Reached XP level 2. HP: 9/14 MP: 3/3
   764 | D:1      | You fall through a shaft!
   766 | D:2      | Reached skill level 1 in Stealth
   928 | D:2      | Noticed a water moccasin
   942 | D:2      | Reached XP level 3. HP: 14/17 MP: 4/4
   989 | D:2      | You fall through a shaft!
  1352 | D:2      | Reached skill level 5 in Unarmed Combat
  2070 | D:2      | Succumbed to a water moccasin's poison

Skill      XL: |  1  2  3 |
---------------+----------+-----
Stealth        | 1 |  1.6
Unarmed Combat | 5 |  5.2
Fighting       | |  3.0
Dodging        | |  4.0

Action                   || total
-------------------------++-------
Melee: Unarmed           ||    98
       Bite              ||     7
       Punch             ||     1
  Use: Scroll            ||     5
       Potion            ||     2
 Stab: Sleeping          ||     4
  Eat: Chunk             ||     9
Armor: Skin              ||     8
Dodge: Dodged            ||   117
